 Dungeon Crawl Stone Soup version 0.28-a0-224-g76b539d98b (webtiles) character file.

Game seed: 18087145918502756267

16 Shayle the Skirmisher (level 2, -1/31 HPs)
             Began as an Ogre Warper on Aug 21, 2021.
             Slain by an adder (4 damage)
             ... on level 2 of the Dungeon.
             The game lasted 00:01:41 (1305 turns).

Shayle the Skirmisher (Ogre Warper)                 Turns: 1305, Time: 00:01:41

Health: -1/31      AC:  3    Str: 14    XL:     2   Next: 58%
Magic:  5/5        EV: 10    Int: 14    God:
Gold:   59         SH:  0    Dex:  8    Spells: 6/6 levels left

rFire   . . .      SeeInvis .   a - +0 mace
rCold   . . .      Faith    .   (no shield)
rNeg    . . .      Spirit   .   b - +0 robe
rPois   .          Reflect  .   (helmet restricted)
rElec   .          Harm     .   (no cloak)
rCorr   .          Rampage  .   (gloves unavailable)
Will    .....                   (boots unavailable)
Stlth   +.........              (no amulet)
HPRegen 0.10/turn               (no ring)
MPRegen 0.09/turn               (no ring)

@: lethally poisoned (-1 -> -8)
A: large, unfitting armour, tough skin 1
a: no special abilities


You were on level 2 of the Dungeon.
You visited 1 branch of the dungeon, and saw 2 of its levels.

You collected 59 gold pieces.

Inventory:

Hand Weapons
 a - a +0 mace (weapon)
Armour
 b - a +0 robe (worn)
Scrolls
 c - a scroll of blinking
 g - a scroll of identify {unknown}
Potions
 e - 2 potions of curing {unknown}
 f - a potion of might {unknown}


   Skills:
 + Level 3.1 Fighting
 + Level 1.9 Maces & Flails
 + Level 1.0 Throwing
 + Level 2.4 Dodging
 + Level 2.5 Spellcasting
 + Level 2.9 Translocations


You had 6 spell levels left.
You didn't know any spells.
Your spell library contained the following spells:

 Spells                   Type           Power      Damage    Failure   Level
 Blink                    Tloc           N/A        N/A       11%         2
 Gell's Gravitas          Tloc           4%         N/A       21%         3
 Lesser Beckoning         Tloc           4%         N/A       21%         3
 Teleport Other           Tloc           9%         N/A       21%         3
 Slow                     Hex            1%         N/A       34%         2
 Confusing Touch          Hex            1%         N/A       56%         3
 Vampiric Draining        Necr           0%         2d6       56%         3
 Manifold Assault         Tloc           9%         N/A       88%         5


Dungeon Overview and Level Annotations

Branches:
Dungeon (2/15)

Altars:


Innate Abilities, Weirdness & Mutations

You are too large for most types of armour.
You have tough skin. (AC +1)


Message History

Aim: an adder (32% to hit)
You throw a boomerang of dispersal.
The boomerang of dispersal closely misses the adder.
The adder barely misses you. The adder closely misses you.
Throw: boomerang (disperse)
Press: ? - help, Q - select action Shift-Dir - straight line, f/p - adder
Aim: an adder (32% to hit)
You throw a boomerang of dispersal.
The boomerang of dispersal misses the adder.
The adder bites you. The adder bites you but does no damage.
The adder closely misses you.
Unknown command.
You closely miss the adder. The adder bites you.
You are poisoned.
The adder poisons you!
You closely miss the adder.
You feel very sick. The adder bites you but does no damage.
The adder bites you.
You thump the adder!
The adder is severely wounded.
You feel sick. The adder bites you.
You are more poisoned.
The adder poisons you! The adder closely misses you.
You miss the adder.
The adder is severely wounded.
You feel very sick. The adder bites you but does no damage.
The adder bites you.
You are lethally poisoned!
The adder poisons you!
You hit the adder but do no damage.
The adder is severely wounded.
* * * LOW HITPOINT WARNING * * *
You feel very sick. The adder misses you.
You hit the adder.
The adder is severely wounded.
* * * LOW HITPOINT WARNING * * *
You feel very sick. The adder bites you but does no damage.
The adder bites you.
You die...

#...##.... #...##.....
#...##.....
#...##..#.###
#<..##..#...
#...##..#..#
...##...##..#..#
#.....S@....#..#
#.########.....######..
##.#..........
#<#.#######^.
#.......... ###.#######
#.# #.# #.#


You could see an adder.

Vanquished Creatures
  4 bats (D:1)
  2 endoplasms (D:1)
  A giant cockroach (D:1)
  2 goblins (D:1)
  2 kobolds (D:1)
  2 ball pythons (D:1)
  3 frilled lizards (D:1)
  A rat (D:1)
17 creatures vanquished.

Notes
Turn   | Place    | Note
-------+----------+-------------------------------------------
     0 | D:1      | Shayle the Ogre Warper began the quest for the Orb.
     0 | D:1      | Reached XP level 1. HP: 22/22 MP: 3/3
   315 | D:1      | Reached skill level 3 in Fighting
   378 | D:1      | Reached XP level 2. HP: 21/31 MP: 3/5
   481 | D:1      | Found a faded altar of an unknown god.
  1305 | D:2      | Slain by an adder

Illustrated notes

Levels and vault maps discovered:
D:1:      heliophobic_arrival_dark_side_of_the_moon, layout_basic,
          dreamdust_ecumenical_altar_statues
D:2:      layout_basic

Skill      XL: |  1 |
---------------+----+-----
Fighting       | 3 |  3.1
Maces & Flails | |  1.9
Throwing       | |  1.0
Dodging        | |  2.4
Spellcasting   | |  2.5
Translocations | |  2.9

Action                   || total
-------------------------++-------
Melee: Mace              ||    70
Throw: Boomerang         ||     5
Armor: Robe              ||    41
Dodge: Dodged            ||    71

Table legend: (Time is in decaauts)
 A = Elapsed time spent in this place.
 B = Non-inter-level travel time spent in this place.
 C = Inter-level travel time spent in this place.
 D = Time resting spent in this place.
 E = Time spent auto-exploring this place.
 F = Levels seen in this place.
 G = Mean time per level.
                   A        B        C        D        E       F      G
               +--------+--------+--------+--------+--------+-----+--------+
         Total |   1327 |   1306 |     21 |      0 |   1059 |   2 |  663.5 |
       Dungeon |   1327 |   1306 |     21 |      0 |   1059 |   2 |  663.5 |
               +--------+--------+--------+--------+--------+-----+--------+

Top non-repeatable levels by time:
     D:1: 1295 daAuts
     D:2: 31 daAuts
